AoeStats
← meica666

Black Forest

510417056Analyzed
4v4 RM · 2d ago on Sep 30, 2026· 81m 11s· 8 players
Game mode
Random Map
Map size
Large (8 player)
Population
200
Speed
Normal
Resources
Standard
Victory
Conquest
Starting age
Dark Age
Ending age
Imperial Age
RankedLock teamsTeams togetherTeam positionsShared explorationLock speedFull tech treeHidden civsTurbo modeCheats
Victory
Defeat
🇨🇴 Britons · Colombia
715
+14
🇦🇷 Khmer · Argentina
647
+16
🇲🇽 Bulgarians · Mexico
628
+17
🇺🇸 Celts · United States
585
+19
🇨🇱 Persians · Chile
762
-21
🇨🇱 Franks · Chile
675
-17
🇨🇱 Magyars · Chile
656
-17
🇨🇱 Japanese · Chile
530
-11
dfelicep
14:48 Feudal Age
16:02 Double-Bit Axe
24:22 Castle Age
29:59 Gold Mining
31:05 Wheelbarrow
33:33 Imperial Age
34:06 Hand Cart
34:22 Stone Mining
35:08 Gold Shaft Mining
34:47 Forging
34:42 Scale Barding Armor
37:23 Iron Casting
36:55 Scale Barding Armor
37:18 Conscription
40:00 Town Watch
40:40 Chain Barding Armor
41:21 Blast Furnace
41:42 Cavalier
42:23 Husbandry
42:48 Bow Saw
42:22 Treadmill Crane
42:37 Murder Holes
42:52 Arrowslits
45:00 Fortified Wall
45:38 Chivalry
46:35 Masonry
46:03 Paladin
50:01 Architecture
53:53 Plate Barding Armor
63:56 Chemistry
63:16 Ballistics
64:25 Fletching
68:13 Elite Skirmisher
71:47 Padded Archer Armor
71:42 Bodkin Arrow
73:56 Leather Archer Armor
77:45 Onager
nachoverapp
0:34 Loom
14:21 Feudal Age
21:25 Castle Age
23:14 Stone Mining
23:12 Double-Bit Axe
23:11 Horse Collar
26:58 Heavy Plow
28:29 Gold Mining
32:19 Scale Barding Armor
34:43 Wheelbarrow
33:55 Town Watch
33:35 Man-at-Arms
33:49 Pikeman
34:42 Long Swordsman
40:02 Imperial Age
37:26 Elite Skirmisher
39:38 Fletching
40:43 Ballistics
41:05 Conscription
40:18 Two-Handed Swordsman
40:59 Crossbowman
41:45 Thumb Ring
42:53 Gold Shaft Mining
42:28 Arbalester
43:33 Corvinian Army
44:50 Chemistry
45:34 Hand Cart
45:19 Town Patrol
45:46 Hand Cart
45:37 Town Patrol
46:17 Crop Rotation
45:18 Elite Magyar Huszar
47:56 Heavy Cavalry Archer
50:14 Parthian Tactics
51:38 Chain Barding Armor
51:14 Bodkin Arrow
51:23 Scale Mail Armor
51:26 Padded Archer Armor
55:08 Recurve Bow
71:00 Bracer
Chaaloo18
11:32 Feudal Age
12:02 Double-Bit Axe
12:10 Gold Mining
13:33 Horse Collar
14:12 Loom
17:35 Castle Age
16:22 Stone Mining
19:33 Wheelbarrow
19:47 Heavy Plow
20:08 Bow Saw
24:08 Gold Shaft Mining
27:02 Stone Shaft Mining
28:24 Caravan
29:43 Hand Cart
36:36 Imperial Age
34:16 Heavy Plow
35:01 Kamandaran
36:10 Scale Barding Armor
36:16 Forging
36:15 Husbandry
36:48 Town Watch
37:08 Cavalier
38:47 Conscription
39:04 Town Patrol
39:27 Chain Barding Armor
39:43 Iron Casting
38:34 Savar
39:56 Guilds
40:24 Crop Rotation
40:02 Thumb Ring
41:03 Two-Man Saw
40:29 Masonry
40:14 Murder Holes
41:22 Chemistry
40:48 Guard Tower
41:19 Ballistics
43:18 Plate Barding Armor
43:44 Blast Furnace
57:04 Elite War Elephant
57:55 Citadels
60:22 Padded Archer Armor
60:12 Fletching
65:39 Bodkin Arrow
65:59 Leather Archer Armor
69:26 Coinage
68:51 Elite Skirmisher
76:25 Squires
75:46 Pikeman
76:28 Scale Mail Armor
76:46 Halberdier
80:24 Arson
80:26 Gambesons
KarlTheMatador
0:31 Loom
15:58 Feudal Age
19:51 Horse Collar
20:09 Double-Bit Axe
26:25 Castle Age
25:56 Man-at-Arms
27:59 Long Swordsman
28:02 Pikeman
28:29 Gambesons
28:47 Squires
29:23 Bow Saw
29:21 Heavy Plow
30:21 Gold Mining
30:22 Stone Mining
45:21 Imperial Age
47:36 Two-Handed Swordsman
47:37 Halberdier
49:32 Elite Samurai
52:23 Cavalier
53:04 Husbandry
55:55 Champion
63:01 Ballistics
63:22 Scale Barding Armor
63:18 Scale Mail Armor
64:22 Chemistry
sinko peso
1:11 Loom
13:15 Feudal Age
16:08 Double-Bit Axe
18:37 Stone Mining
18:41 Gold Mining
18:34 Horse Collar
20:08 Wheelbarrow
19:41 Town Watch
29:52 Castle Age
29:03 Forging
29:01 Scale Barding Armor
29:05 Scale Mail Armor
31:15 Hand Cart
31:01 Town Patrol
31:05 Heavy Plow
31:42 Gold Shaft Mining
31:43 Stone Shaft Mining
31:21 Bow Saw
32:50 Chain Mail Armor
33:12 Iron Casting
32:58 Chain Barding Armor
32:45 Husbandry
37:11 Bloodlines
39:36 Caravan
45:46 Imperial Age
46:33 Cavalier
47:52 Plate Barding Armor
48:18 Blast Furnace
49:01 Elite Konnik
55:32 Gambesons
55:48 Squires
57:32 Chemistry
60:29 Conscription
60:12 Bagains
60:10 Stirrups
Witen
12:00 Feudal Age
13:58 Double-Bit Axe
14:04 Gold Mining
14:05 Stone Mining
15:31 Horse Collar
21:52 Wheelbarrow
24:07 Castle Age
23:53 Fletching
24:04 Padded Archer Armor
27:57 Bodkin Arrow
28:17 Leather Archer Armor
29:02 Bow Saw
33:13 Imperial Age
32:18 Ballistics
31:28 Elite Skirmisher
34:40 Gold Shaft Mining
35:02 Bracer
35:32 Ring Archer Armor
36:30 Heavy Plow
38:09 Two-Man Saw
38:04 Yeomen
38:05 Conscription
39:01 Elite Longbowman
42:37 Chemistry
boxenoxen
0:33 Loom
12:55 Feudal Age
13:31 Horse Collar
13:39 Double-Bit Axe
13:49 Gold Mining
20:37 Castle Age
19:18 Forging
21:34 Bow Saw
21:27 Heavy Plow
22:56 Stone Mining
23:45 Gold Shaft Mining
24:37 Wheelbarrow
23:48 Town Watch
25:58 Hand Cart
25:56 Town Patrol
28:56 Pikeman
29:22 Gambesons
29:22 Arson
31:26 Caravan
34:17 Imperial Age
32:28 Fortified Wall
33:47 Stone Shaft Mining
33:09 Murder Holes
33:25 Masonry
33:36 Ballistics
35:10 Iron Casting
36:37 Siege Engineers
36:18 Arrowslits
37:34 Chemistry
36:23 Halberdier
37:59 Conscription
37:49 Furor Celtica
38:25 Onager
39:29 Stronghold
40:14 Hoardings
39:07 Elite Skirmisher
39:41 Heavy Mounted Crossbowman
41:02 Fervor
42:39 Husbandry
43:45 Blast Furnace
42:47 Scale Mail Armor
42:55 Scale Barding Armor
42:36 Elite Woad Raider
43:55 Chain Mail Armor
44:02 Chain Barding Armor
43:33 Fletching
43:44 Padded Archer Armor
44:16 Siege Onager
45:35 Plate Mail Armor
45:01 Bodkin Arrow
46:50 Leather Archer Armor
48:39 Guard Tower
53:27 Ring Archer Armor
62:43 Sanctity
62:24 Devotion
62:45 Heresy
62:21 Herbal Medicine
63:03 Keep
76:03 Faith
meica666
11:46 Feudal Age
13:16 Wheelbarrow
17:24 Double-Bit Axe
17:25 Horse Collar
18:13 Gold Mining
22:27 Castle Age
22:55 Pikeman
24:24 Gold Shaft Mining
24:24 Bow Saw
26:52 Hand Cart
26:32 Stone Mining
28:25 Stone Shaft Mining
28:57 Fortified Wall
31:43 Forging
31:35 Scale Mail Armor
32:40 Heavy Plow
34:57 Iron Casting
37:32 Imperial Age
36:16 Chain Mail Armor
40:31 Blast Furnace
38:59 Heavy Scorpion
40:47 Chemistry
39:58 Halberdier
42:37 Conscription
43:22 Redemption
44:02 Double Crossbow
44:02 Tusk Swords
43:24 Elite Ballista Elephant
46:19 Coinage
45:50 Caravan
46:33 Scale Barding Armor
51:19 Sappers
62:41 Banking
Connection lost

Rejoining the realm…

Still unreachable

The connection could not be restored.

Session expired

The server has moved on; the page needs a fresh start.